AoeStats
← rook <3

Arena

509729438Analyzed
1v1 RM · 3d ago on Sep 27, 2026· 33m 56s· 2 players
Game mode
Random Map
Map size
Tiny (2 player)
Population
200
Speed
Normal
Resources
Standard
Victory
Conquest
Starting age
Dark Age
Ending age
Imperial Age
RankedLock teamsTeams togetherTeam positionsShared explorationLock speedFull tech treeHidden civsTurbo modeCheats
Victory
Defeat
🇩🇰 Portuguese · Denmark
639
+11
🇦🇷 Magyars · Argentina
531
-11
ConcaveKnot1639
10:24 Feudal Age
18:18 Castle Age
17:54 Double-Bit Axe
18:22 Scale Barding Armor
18:50 Bloodlines
28:21 Fletching
29:41 Chain Barding Armor
rook <3
8:04 Loom
11:53 Feudal Age
13:31 Double-Bit Axe
16:30 Castle Age
14:31 Stone Mining
15:10 Gold Mining
16:06 Horse Collar
17:35 Fletching
19:36 Bow Saw
31:19 Imperial Age
29:33 Bodkin Arrow
Connection lost

Rejoining the realm…

Still unreachable

The connection could not be restored.

Session expired

The server has moved on; the page needs a fresh start.